 Dungeon Crawl Stone Soup version 0.31-a0-216-g22e908daa7 (webtiles) character file.

Game seed: 8346726381178623356

198 qw the Shooter (level 5, -1/45 HPs)
             Began as a Minotaur Hexslinger on July 2, 2023.
             Slain by a steam dragon (6 damage)
             ... on level 4 of the Dungeon.
             The game lasted 00:01:02 (2839 turns).

qw the Shooter (Minotaur Hexslinger)                Turns: 2839, Time: 00:01:02

Health: -1/45      AC: 10    Str: 13    XL:     5   Next: 47%
Magic:  5/5        EV: 11    Int: 10    God:
Gold:   188        SH:  0    Dex: 19    Spells: 5/6 levels left

rFire   . . .        Y - +1 sling
rCold   . . .        (no shield)
rNeg    . . .        b - +5 ring mail of Courage {Dex+5}
rPois   .            (helmet restricted)
rElec   .            (no cloak)
rCorr   .            (no gloves)
SInv    .            (no boots)
Will    .....        (no amulet)
Stlth   +            (no ring)
HPRegen 0.27/turn    (no ring)
MPRegen 0.09/turn

%: no passive effects
@: no status effects
A: horns 2, retaliatory headbutt
a: no special abilities


You were on level 4 of the Dungeon.
You visited 1 branch of the dungeon, and saw 4 of its levels.

You collected 188 gold pieces.


Innate Abilities, Weirdness & Mutations

You have a pair of horns on your head.
You reflexively headbutt those who attack you in melee.


   Skills:
 - Level 3.0 Fighting
 + Level 5.6 Ranged Weapons
 - Level 1.0 Armour
 - Level 2.1 Dodging
 - Level 1.0 Spellcasting
 - Level 2.0 Hexes


You had 5 spell levels left.
You knew the following spells:

 Your Spells              Type           Power      Damage    Failure   Level
a - Slow                  Hex            16%        N/A       32%         1

Your spell library contained the following spells:

 Spells                   Type           Power      Damage    Failure   Level
 Inner Flame              Hex/Fire       2%         N/A       82%         3
 Portal Projectile        Hex/Tloc       4%         N/A       82%         3
 Cause Fear               Hex            2%         N/A       97%         4

Inventory:

Hand Weapons
 Y - a +1 sling (weapon)
Armour
 b - the +5 ring mail of Courage (worn) {Dex+5}
   (You found it on level 3 of the Dungeon)

   Dex:       It affects your dexterity (+5).
Scrolls
 a - a scroll of enchant weapon {unknown}
 d - a scroll of identify
 e - a scroll of teleportation
Potions
 c - 2 potions of might
 g - a potion of haste
 h - a potion of curing
 i - a potion of cancellation {unknown}

Dungeon Overview and Level Annotations

Branches:
Dungeon (4/15)
 Temple: D:4-7

Altars:
Kikubaaqudgha
Nemelex Xobeh


Message History

2829 ||| Stepping ~*~*~tactically~*~*~ (cloud).
You shoot a sling bullet. The sling bullet hits the steam dragon.
The steam dragon is moderately wounded.
You are engulfed in a cloud of scalding steam.
You shoot a sling bullet. The sling bullet hits the steam dragon.
The steam dragon is heavily wounded.
You are engulfed in a cloud of scalding steam.
A worm comes into view.
You shoot a sling bullet.
The sling bullet closely misses the steam dragon.
The steam dragon breathes steam at you. The ball of steam hits you.
You hear a croak.
You hear a shout!
2833 ||| Stepping ~*~*~tactically~*~*~ (cloud).
You start resting.
A steam dragon is nearby!
You shoot a sling bullet.
The sling bullet barely misses the steam dragon.
The steam dragon breathes steam at you. The ball of steam hits you!
You shoot a sling bullet.
The sling bullet barely misses the steam dragon.
You are engulfed in a cloud of scalding steam.
The steam dragon breathes steam at you. The ball of steam hits you!
You shoot a sling bullet. The sling bullet hits the steam dragon.
The steam dragon is heavily wounded.
You are engulfed in a cloud of scalding steam.
The steam dragon bites you but does no damage.
The steam dragon closely misses you.
You shoot a sling bullet. The sling bullet hits the steam dragon.
The steam dragon is heavily wounded.
You are engulfed in a cloud of scalding steam.
The steam dragon completely misses you.
The steam dragon claws you but does no damage.
You shoot a sling bullet.
The sling bullet closely misses the steam dragon.
You are engulfed in a cloud of scalding steam.
The steam dragon bites you.
You die...

####!#####
.w...D¤..#
####.###D#
#@# #.#
#.# #.#
#.# #.#
#.# #%#
#.### #.#
#.#.. #.#
#.#.# ##.#


You could see a steam dragon (catching breath).

Vanquished Creatures
  An orc priest (D:3)
  Natasha (thrice) (D:3)
  2 adders
  4 dart slugs
  3 orcs
  6 endoplasms
  2 giant cockroaches
  8 goblins
  7 hobgoblins
  4 jackals (D:1)
  4 kobolds
  3 quokkas
  5 ball pythons
  6 bats
  2 frilled lizards
  6 rats
66 creatures vanquished.

Notes
Turn   | Place    | Note
-------+----------+-------------------------------------------
     0 | D:1      | qw the Minotaur Hexslinger began the quest for the Orb.
     0 | D:1      | Reached XP level 1. HP: 16/16 MP: 1/1
     0 | D:1      | 0 ||| qw: Version: 0.3-a-39-g4513739
     0 | D:1      | 0 ||| qw: Game counter: 7874
     0 | D:1      | 0 ||| qw: Melee chars always use a shield: true
     0 | D:1      | 0 ||| qw: God list: Okawaru
     0 | D:1      | 0 ||| qw: Allow faded altars: false
     0 | D:1      | 0 ||| qw: Do Orc after clearing Dungeon:15 true
     0 | D:1      | 0 ||| qw: Do second Lair branch before Depths: true
     0 | D:1      | 0 ||| qw: Lair rune preference: random
     0 | D:1      | 0 ||| qw: Goals: Normal
     0 | D:1      | 0 ||| PLANNING D:1-11
   230 | D:1      | Reached skill level 3 in Ranged Weapons
   250 | D:1      | Reached XP level 2. HP: 23/23 MP: 2/2
   419 | D:1      | Found a faded altar of an unknown god.
   761 | D:1      | 761 ||| UPGRADING to +0 leather armour.
   771 | D:1      | 771 ||| DROPPING +0 robe.
   772 | D:1      | 772 ||| READING scroll labelled MIUSA LAXATWUV.
   773 | D:1      | 773 ||| READING 2 scrolls labelled IJOK UJUYHYHIE.
   777 | D:1      | 777 ||| READING scroll labelled KOHASU WATAR.
   778 | D:1      | 778 ||| DROPPING scroll of poison.
   825 | D:2      | Reached XP level 3. HP: 15/29 MP: 3/3
   832 | D:2      | HP: 7/29 [poisoned by an adder]
  1335 | D:2      | Reached skill level 4 in Ranged Weapons
  1686 | D:2      | 1686 ||| READING scroll labelled WIPNEB KIZUTSO.
  1740 | D:2      | 1740 ||| DRINKING 2 fizzy ruby potions.
  1785 | D:3      | 1785 ||| FLEEEEING.
  1786 | D:3      | 1786 ||| FLEEEEING.
  1787 | D:3      | 1787 ||| FLEEEEING.
  1789 | D:3      | 1789 ||| FLEEEEING.
  1790 | D:3      | 1790 ||| FLEEEEING.
  1791 | D:3      | 1791 ||| FLEEEEING.
  1792 | D:3      | 1792 ||| STAIRDANCE
  1808 | D:3      | 1808 ||| STAIRDANCE
  1869 | D:3      | Reached XP level 4. HP: 20/36 MP: 4/4
  1973 | D:3      | Reached skill level 5 in Ranged Weapons
  2010 | D:3      | Identified the +5 ring mail of Courage {Dex+5}
  2029 | D:3      | Found an ancient bone altar of Kikubaaqudgha.
  2029 | D:3      | Found a sparkling altar of Nemelex Xobeh.
  2041 | D:3      | 2041 ||| UPGRADING to +5 ring mail of Courage {Dex+5}.
  2051 | D:3      | 2051 ||| DROPPING +0 leather armour.
  2052 | D:3      | 2052 ||| READING 3 scrolls of identify.
  2052 | D:3      | 2052 ||| IDENTIFYING black potion
  2053 | D:3      | 2053 ||| READING 2 scrolls of identify.
  2053 | D:3      | 2053 ||| IDENTIFYING red potion
  2054 | D:3      | 2054 ||| DROPPING potion of brilliance.
  2194 | D:3      | Reached skill level 1 in Armour
  2246 | D:3      | Noticed Natasha
  2256 | D:3      | Killed Natasha
  2257 | D:3      | Reached skill level 3 in Fighting
  2257 | D:3      | Reached XP level 5. HP: 20/45 MP: 5/5
  2496 | D:3      | Noticed Natasha
  2502 | D:3      | Killed Natasha
  2563 | D:3      | 2563 ||| READING scroll labelled ADDIESHRYEPN.
  2584 | D:3      | Noticed Natasha
  2585 | D:3      | 2585 ||| Stepping ~*~*~tactically~*~*~ (outnumbered).
  2586 | D:3      | 2586 ||| Stepping ~*~*~tactically~*~*~ (outnumbered).
  2596 | D:3      | Killed Natasha
  2677 | D:3      | 2677 ||| DRINKING 2 coppery potions.
  2826 | D:4      | Noticed a steam dragon
  2829 | D:4      | 2829 ||| Stepping ~*~*~tactically~*~*~ (cloud).
  2833 | D:4      | 2833 ||| Stepping ~*~*~tactically~*~*~ (cloud).
  2839 | D:4      | HP: 4/45 [steam dragon] (11)]
  2839 | D:4      | Slain by a steam dragon

Levels and vault maps discovered:
D:1:      pf_arrival_petrified_forest, layout_loops_ring,
          dilly_ecumenical_altar_fadedgnrine, chequers_arboretum,
          kennysheep_doodads
D:2:      layout_loops_corners
D:3:      layout_rooms, jmf_multi_god_temple, hex_tiny, uniq_natasha
D:4:      layout_loops_ring, minmay_starry_boxes

Skill      XL: |  1  2  3  4 |
---------------+-------------+-----
Ranged Weapons | 3 4 5 |  5.6
Fighting       | 2 3 |  3.0
Armour         | 1 |  1.0
Dodging        | |  2.1
Spellcasting   | |  1.0
Hexes          | |  2.0

Action                     |  1- 3 |  4- 6 || total
---------------------------+-------+-------++-------
   Fire: Sling             |   117 |   100 ||   217
    Use: Scroll            |     4 |     3 ||     7
         Potion            |     1 |     1 ||     2
 Armour: Robe              |     5 |       ||     5
         Leather armour    |     7 |       ||     7
         Ring mail         |       |    24 ||    24
  Dodge: Dodged            |    41 |    27 ||    68

Table legend:
 A = Non-vault XP
 B = Vault XP
 C = Vault XP percentage of total XP
 D = Non-vault monster count
 E = Vault monster count
 F = Vault count percentage of total count
                 A         B        C        D         E       F
            +---------+---------+-------+---------+---------+-------
      Total |     245 |      39 |  13.7 |      63 |       3 |   4.5
            +---------+---------+-------+---------+---------+-------
        D:1 |      31 |       0 |   0.0 |      19 |       0 |   0.0
        D:2 |      41 |       0 |   0.0 |      19 |       0 |   0.0
        D:3 |     164 |      39 |  19.2 |      22 |       3 |  12.0
        D:4 |       9 |       0 |   0.0 |       3 |       0 |   0.0
            +---------+---------+-------+---------+---------+-------
